woodfighter, lawful female dwarven Priestess ----- |...| ...>-# # |...|# F@#####.(..|# # |...|# --.--# # ## ## ## # ## ###### ##%--|--------- #+....`.....| |..........| |<.........| ------------ woodfighter the Acolyte Experience level: 3 Strength: 13 Dexterity: 13 Constitution: 16 Intelligence: 17 Wisdom: 10 Charisma: 7 Health: 0(30) Energy: 24(24) Def: 3 Gold: 515 Moves: 1755 Dungeon seed: sYSMiY0mcSlAcOZJ Game ID: woodfighter_1552825064 Your Inventory: Coins $ - 515 gold pieces Weapons a - a blessed +1 mace v - a rusty +0 spear (weapon in hand) Armor e - a +0 robe (being worn) n - a +0 small shield (being worn) Comestibles d - a sprig of wolfsbane Scrolls q - a scroll of magic mapping s - a scroll of light w - a scroll of scare monster Spellbooks g - a spellbook of detect monsters h - a spellbook of stone to flesh i - a spellbook of light m - a spellbook of sleep Potions b - 4 potions of holy water x - a potion of water Wands f - a wand of cancellation (0:1) l - a wand of undead turning (0:6) o - a wand of sleep (0:8) t - a wand of enlightenment (0:14) Gems r - an agate Spells and supernatural/magical abilities: Name Level Category Fail Memory l - light 1 divination 0% 92% n - detect monsters 1 divination 0% 92% S - stone to flesh 3 healing 84% 92% W - pray for help -- divine ? -- X - turn undead -- divine ? -- Your skills at the end: Miscellaneous Skills shield [Basic] wands [Basic] Weapon Skills pick-axe [Basic] mace [Basic] Spellcasting Skills clerical spells [Basic] Final Attributes: You were devoutly aligned. You had infravision. You were stealthy. You are dead. Vanquished creatures: a kitten 2 geckos 2 yellow molds 2 manes a gnome zombie 6 newts a goblin 3 sewer rats a grid bug 5 lichens 3 kobold zombies 27 creatures vanquished. Voluntary challenges: You did not adorn yourself with jewelry or accessories. You did not cause conflict. You were not invisible. You did not have reflection. You were not displaced. You used a wielded weapon 38 times, starting on turn 68. You did not use tools. You did not use plumbed fixtures. You did not drink any magical draughts. You read items or engraved 1 time, starting on turn 1263. You never genocided any monsters. You never polymorphed an object. You never changed form. You used no wishes. You never split a pudding. You never wrote Elbereth's name. You never violated your personal moral code. Dungeon overview: The Dungeons of Doom: levels 1 to 4 Level 1 (box) an altar to Mercury, some fountains a long staircase Level 2 Level 3 a scroll shop, a fountain Level 4 <- You were here stairs to The Gnomish Mines The Gnomish Mines: Level 5 stairs to The Dungeons of Doom History has recorded: On T:1 you entered the Dungeons of Doom to retrieve the Amulet of Yendor! On T:233 you reached level 2 of The Dungeons of Doom. On T:565 you reached level 3 of The Dungeons of Doom. On T:811 you advanced to experience level 2. On T:1116 you reached level 4 of The Dungeons of Doom. On T:1481 you prayed to Mercury. On T:1718 you advanced to experience level 3. On T:1741 you reached level 1 of The Gnomish Mines. Score breakdown: Gold: 515 ( 51 points) Experience: 3 levels ( 200 points) Exploration: 5 levels ( 120 points) Discoveries: 8 items ( 400 points) Variety of kills: 11 monsters ( 550 points) Major goal: (nothing yet) ( 0 points) Survival: died (score multiplied by 3) Total score: 3963 Latest messages: You kill the gecko! You attack thin air. You see here a gecko corpse. You destroy the gnome zombie! You see here a gecko corpse. This gecko corpse tastes terrible! You hear some noises. You stop eating. You finish eating the gecko corpse. You stop exploring. The kobold zombie scratches you! You destroy the kobold zombie! Welcome to experience level 3. You have a sad feeling for a moment, then it passes. You see here a kobold corpse. You are now wielding your spear. The door resists! The door opens. You see here a chest. A brown mold blocks your way. You jab the brown mold. You are suddenly very cold! You miss the brown mold. You are suddenly very cold! You die... Final status: Goodbye woodfighter the Priestess, killed by a brown mold... You died in The Dungeons of Doom on dungeon level 4 with 3963 points, and 515 pieces of gold, after 1755 moves. You were level 3 with a maximum of 30 hit points when you died.